 Dungeon Crawl Stone Soup version 0.21-a0-528-gf531e82 (webtiles) character file.

35 Gerstahl the Conjurer (level 3, -4/24 HPs)
             Began as a Demonspawn Conjurer on Dec 8, 2017.
             Was an Initiate of Ashenzari.
             Slain by a worm (11 damage)
             ... on level 2 of the Dungeon.
             The game lasted 00:05:45 (1506 turns).

Gerstahl the Conjurer (Demonspawn Conjurer)         Turns: 1506, Time: 00:05:46

Health: -4/24      AC:  2    Str:  8    XL:     3   Next: 16%
Magic:  0/7        EV: 12    Int: 17    God:    Ashenzari [......]
Gold:   93         SH:  0    Dex: 13    Spells: 4/7 levels left

rFire    . . .     SeeInvis .   (no weapon)
rCold    . . .     Gourm    .   (no shield)
rNeg     . . .     Faith    .   a - +0 robe
rPois    .         Spirit   .   (no helmet)
rElec    .         Reflect  .   (no cloak)
rCorr    .         Harm     .   (no gloves)
MR       .....                  (no boots)
Stlth    ++........             (no amulet)
HPRegen  0.08/turn              (no ring)
MPRegen  0.10/turn              (no ring)

@: very slightly contaminated
A: powered by death 1
a: Curse Item, Renounce Religion


You were on level 2 of the Dungeon.
You worshipped Ashenzari.
Ashenzari was noncommittal.
You were not hungry.

You visited 1 branch of the dungeon, and saw 2 of its levels.

You collected 93 gold pieces.

Inventory:

Armour
 a - a +0 robe (worn)
Scrolls
 d - a scroll of teleportation {unknown}
 e - 3 scrolls of identify {unknown}
 f - a scroll of enchant armour {unknown}
 g - a scroll of amnesia {unknown}
Potions
 i - a potion of flight {unknown}
 j - a potion of heal wounds {unknown}
Books
 b - a book of Conjurations

   Spells                             Type                      Level
   a - Magic Dart                     Conjuration                  1
   b - Searing Ray                    Conjuration                  2
   c - Dazzling Spray                 Conjuration/Hexes            3
   d - Fulminant Prism                Conjuration/Hexes            4
   e - Force Lance                    Conjuration/Translocation    4
   f - Iskenderun's Mystic Blast      Conjuration                  4
Comestibles
 c - 2 bread rations
 h - a meat ration


   Skills:
 - Level 1.7 Dodging
 - Level 1.7 Stealth
 + Level 2.8 Spellcasting
 + Level 4.5 Conjurations


You had 4 spell levels left.
You knew the following spells:

 Your Spells              Type           Power        Failure   Level  Hunger
a - Magic Dart            Conj           ###.         2%          1    #......
b - Searing Ray           Conj           ###...       4%          2    ##.....


Dungeon Overview and Level Annotations

Branches:
Dungeon (2/15)

Altars:
Ashenzari
Kikubaaqudgha


Innate Abilities, Weirdness & Mutations

You regenerate a little health from kills.


Message History

The magic dart hits the worm.
The worm is severely wounded.
The worm misses you.
You hit the worm.
The worm is heavily wounded.
You barely miss the worm.
The worm is heavily wounded.
The worm bites you!
* * * LOW HITPOINT WARNING * * *
You barely miss the worm.
The worm is heavily wounded.
Casting: Magic Dart
Confirm with . or Enter, or press ? or * to list all spells.
Aiming: Magic Dart
Press: ? - help, Shift-Dir - straight line, f/p - worm
Aim: a worm (heavily wounded)
You miscast Magic Dart.
You are very lightly contaminated with residual magic.
Nothing appears to happen.
The worm bites you!
You die...

#..# #. #.....#.P #..#
#. ##.P!###P #..#
#.##........ #..#
#.#......... #..#
#..#.##.._.. #..#
#....# ..... #..#
##...####### #.<###
#w......... #....#
#@.##.#####
##.##.#######..# ...
#..............# ###
#..##.######...#
#..##.# #...# #
#..##.# #...##.#
####..##.######......#
..................####
####.##...........#


You could see a worm.

Vanquished Creatures
  A gnoll (D:1)
  2 dart slugs (D:1)
  2 leopard geckos (D:2)
  A giant cockroach (D:1)
  2 hobgoblins
  2 jackals (D:2)
  6 kobolds
  A goblin (D:1)
  2 rats (D:1)
19 creatures vanquished.

Notes
Turn   | Place    | Note
-------+----------+-------------------------------------------
     0 | D:1      | Gerstahl the Demonspawn Conjurer began the quest for the Orb.
     0 | D:1      | Reached XP level 1. HP: 13/13 MP: 3/3
   363 | D:1      | Gained mutation: You regenerate a little health from kills. [demonic ancestry]
   363 | D:1      | Reached XP level 2. HP: 13/19 MP: 0/5
  1037 | D:2      | Learned a level 2 spell: Searing Ray
  1109 | D:2      | Reached XP level 3. HP: 24/24 MP: 4/7
  1113 | D:2      | Found a shattered altar of Ashenzari.
  1117 | D:2      | Became a worshipper of Ashenzari the Shackled
  1122 | D:2      | Found an ancient bone altar of Kikubaaqudgha.
  1506 | D:2      | Slain by a worm

Vault maps used:
D:1:      lightli_arrival_noodles
D:2:      nicolae_overflow_hidden_temple, kiku_gazebo_garden_becter,
          ashenzari_altar_1, overflow_temple_1_default,
          chequers_ecumenical_altar_lobes

Action                   || total
-------------------------++-------
Melee: Unarmed           ||    26
 Cast: Magic Dart        ||    59
  Eat: Chunk             ||     2
Armor: Robe              ||     7
Dodge: Dodged            ||    31

Table legend:
 A = Spawn XP
 B = Non-spawn XP
 C = Spawn XP percentage of total XP
 D = Spawn monster count
 E = Non-spawn monster count
 F = Spawn count percentage of total count
 G = Total turns spent on level
                    A         B        C        D         E        F      G
               +---------+---------+-------+---------+---------+-------+---------
         Total |       0 |      50 |   0.0 |       0 |      19 |   0.0 |  1506
               +---------+---------+-------+---------+---------+-------+---------
           D:1 |       0 |      35 |   0.0 |       0 |      12 |   0.0 |  1009
           D:2 |       0 |      15 |   0.0 |       0 |       7 |   0.0 |   497
               +---------+---------+-------+---------+---------+-------+---------
